Coyotes vs Penguins
Created - 23 novembre 2014 at 19:02
Goals
|
Coyotes |
0 |
1 |
2 |
3 |
Penguins |
1 |
0 |
1 |
2 |
|
Shots
|
Coyotes |
9 |
5 |
14 |
28 |
Penguins |
9 |
8 |
7 |
24 |
|
1st period
1. Penguins , Darren Reid 7 (Ryan Kesler, Sean Zimmerman) at 17:43
Penalties :
Erik Christensen (Ari) for Hooking (Minor) at 1:16, Denis Arkhipov (Pit) for Diving (Minor) at 9:37, Simon Gagné (Pit) for Roughing (Minor) at 14:38, Simon Gagné (Pit) for Hooking (Minor) at 19:45
2nd period
2. Coyotes , Tyler Ennis 5 (Frans Nielsen, Anton Stralman) at 0:35 (PP)
Penalties :
Brian Rafalski (Ari) for Hooking (Minor) at 4:55
3rd period
3. Penguins , Darren Reid 8 (Simon Gagné) at 2:25
4. Coyotes , Frans Nielsen 11 (Drew Miller, Chris Stewart) at 11:28
5. Coyotes , Erik Cole 5 (Denis Grebeshkov, Chad Larose) at 15:12
Penalties :
Darren Reid (Pit) for Hooking (Minor) at 2:43, Brent Sopel (Pit) for Hooking (Minor) at 12:34, Peter Forsberg (Pit) for Hooking (Minor) at 15:15, Dennis Seidenberg (Pit) for Hooking (Minor) at 18:11
Goalie Stats
Ryan Miller (Ari), 22 saves from 24 shots - (0,917), W, 14-4-3, 60:00 minutes
Brian Elliott (Pit), 25 saves from 28 shots - (0,893), L, 12-8-1, 60:00 minutes
Players Stats for Coyotes
Player Name G A P +/- PIM S H SB GA TA FO MP PP MP PK MP
------------------------------------------------------------------------------------
Adrian Aucoin 0 0 0 0 0 0 0 0 0 0 0/0 3:00 0:00 0:56
Anton Stralman 0 1 1 0 0 1 1 3 2 0 0/0 25:01 8:03 0:51
Boyd Devereaux 0 0 0 1 0 1 2 0 0 0 4/7 13:56 0:00 1:44
Brian Rafalski 0 0 0 -1 2 3 2 2 0 1 0/0 22:33 4:30 0:00
Chad Larose 0 1 1 1 0 1 1 0 1 1 0/0 13:01 0:00 1:59
Chris Stewart 0 1 1 0 0 1 0 0 1 0 0/0 17:52 5:22 0:00
Denis Grebeshkov 0 1 1 2 0 2 1 1 1 0 0/0 25:35 8:03 1:47
Drew Miller 0 1 1 0 0 0 3 0 1 0 1/3 14:55 0:00 2:00
Erik Christensen 0 0 0 0 2 0 1 0 0 0 1/5 14:32 7:11 0:09
Erik Cole 1 0 1 1 0 3 6 0 0 0 0/1 11:14 0:00 1:35
Frans Nielsen 1 1 2 0 0 3 4 0 0 0 8/15 17:54 5:22 0:05
Jiri Fischer 0 0 0 -1 0 0 1 0 0 0 0/0 14:13 0:00 2:11
Kurt Sauer 0 0 0 0 0 2 1 1 0 0 0/0 20:03 0:00 2:11
Marian Gaborik 0 0 0 -1 0 0 1 0 0 0 0/1 20:37 7:11 0:00
Sami Kapanen 0 0 0 0 0 1 1 0 0 1 0/0 14:16 4:30 0:00
Shawn Thornton 0 0 0 0 0 0 1 0 0 0 0/0 7:37 0:00 0:24
Tim Connolly 0 0 0 -1 0 4 3 0 0 0 17/29 20:37 7:11 0:00
Tyler Ennis 1 0 1 -1 0 6 2 0 0 0 0/1 19:04 5:22 0:00
Players Stats for Penguins
Player Name G A P +/- PIM S H SB GA TA FO MP PP MP PK MP
------------------------------------------------------------------------------------
Brent Sopel 0 0 0 0 2 0 2 3 0 0 0/0 19:23 1:30 4:16
Brian McGrattan 0 0 0 -1 0 1 1 0 0 0 1/1 15:51 0:00 2:54
Brooks Orpik 0 0 0 1 0 0 0 2 0 0 0/0 28:11 2:28 7:22
Darren Reid 2 0 2 2 2 6 1 1 0 0 0/0 17:38 2:05 3:04
Denis Arkhipov 0 0 0 -1 2 2 1 0 0 0 4/6 14:28 0:00 1:18
Dennis Seidenberg 0 0 0 -1 2 0 0 0 0 0 0/0 12:49 0:00 0:50
Dustin Penner 0 0 0 0 0 1 2 0 0 0 1/1 17:32 1:53 1:45
Jay McKee 0 0 0 0 0 0 3 1 0 1 0/0 25:32 2:28 7:20
Luke Schenn 0 0 0 1 0 0 0 0 0 0 0/0 2:15 0:00 0:07
Nathan Horton 0 0 0 0 0 2 0 0 0 1 0/0 14:13 1:53 0:00
Paul Ranger 0 0 0 -1 0 1 0 0 0 1 0/0 11:31 0:00 0:00
Peter Forsberg 0 0 0 1 2 2 3 0 0 0 17/31 24:11 2:05 6:01
Raffi Torres 0 0 0 -1 0 0 1 0 0 0 0/0 6:02 0:00 0:00
Ryan Kesler 0 1 1 0 0 0 3 0 2 2 4/13 21:29 1:53 7:16
Sean Zimmerman 0 1 1 0 0 0 1 1 1 1 0/0 20:18 1:30 5:11
Simon Gagné 0 1 1 2 4 3 0 0 0 0 3/6 17:23 2:05 2:37
Steve Sullivan 0 0 0 -1 0 4 2 0 0 0 0/0 12:04 0:00 0:00
Steven Stamkos 0 0 0 -1 0 2 1 0 0 0 1/4 6:30 0:00 0:11
3 Stars
1 - Darren Reid (Pit)
2 - Erik Cole (Ari)
3 - Frans Nielsen (Ari)
Power Play
Coyotes - 1 on 7 Attempt(s) - 14,29%
Penguins - 0 on 2 Attempt(s) - 0,00%
Penalty Kill
Coyotes - 2 on 2 Attempt(s) - 100,00%
- Score 0 goal in Penalty Kill
Penguins - 6 on 7 Attempt(s) - 85,71%
- Score 0 goal in Penalty Kill
Official
Referees : Sutherland Kelly and Peel Tim
Linesman : Tim Nowak and Steve Barton
Game Notes
Adrian Aucoin is injured at 7:28 of 1st period (Right Leg)
Finance
Level 1 -- Attendance: 5896 (98,27%) -- Ticket Income 465 784 $
Level 2 -- Attendance: 4749 (94,98%) -- Ticket Income 213 705 $
Level 3 -- Attendance: 2000 (100,00%) -- Ticket Income 62 000 $
Level 4 -- Attendance: 4000 (100,00%) -- Ticket Income 64 000 $
Luxury Box -- Attendance: 1000 (100,00%) -- Ticket Income 167 000 $
Game was played at the Igloo
Total Attendance: 17645 (98,03%)
Total Ticket Income: 972 489 $
Other Income: 145 873 $
Total Income: 1 118 362 $
Coyotes
5 vs 5 Forward
Center Left Wing Right Wing Time % Phy DF OF
1 Tim Connolly Tyler Ennis Marian Gaborik 35 1 0 4
2 Frans Nielsen Drew Miller Chris Stewart 31 1 1 3
3 Boyd Devereaux Erik Cole Chad Larose 23 2 2 1
4 Erik Christensen Shawn Thornton Sami Kapanen 11 2 1 2
5 vs 5 Defense
Defense Defense Time % Phy DF OF
1 Denis Grebeshkov Adrian Aucoin 38 1 1 3
2 Kurt Sauer Anton Stralman 34 1 2 2
3 Jiri Fischer Brian Rafalski 27 2 2 1
4 Kurt Sauer Denis Grebeshkov 1 1 1 3
PowerPlay Forward
Center Left Wing Right Wing Time % Phy DF OF
1 Tim Connolly Erik Christensen Marian Gaborik 55 1 0 4
2 Frans Nielsen Tyler Ennis Chris Stewart 45 1 0 4
PowerPlay Defense
Defense Defense Time % Phy DF OF
1 Denis Grebeshkov Anton Stralman 55 0 1 4
2 Brian Rafalski Sami Kapanen 45 1 0 4
Penalty Kill 4 Players Forward
Center Wing Time % Phy DF OF
1 Drew Miller Chad Larose 56 1 3 1
2 Boyd Devereaux Erik Cole 44 1 3 1
Penalty Kill 4 Players Defense
Defense Defense Time % Phy DF OF
1 Kurt Sauer Jiri Fischer 56 1 4 0
2 Adrian Aucoin Denis Grebeshkov 44 1 4 0
Penalty Kill - 3 Players Forward
Forward Time % Phy DF OF
1 Drew Miller 53 0 5 0
2 Chad Larose 47 0 5 0
Penalty Kill - 3 Players Defense
Defense Defense Time % Phy DF OF
1 Jiri Fischer Kurt Sauer 53 1 4 0
2 Adrian Aucoin Denis Grebeshkov 47 1 4 0
4 vs 4 Forward
Center Wing Time % Phy DF OF
1 Tim Connolly Marian Gaborik 52 0 1 4
2 Frans Nielsen Drew Miller 48 0 2 3
4 vs 4 Defense
Defense Defense Time % Phy DF OF
1 Kurt Sauer Brian Rafalski 52 1 2 2
2 Denis Grebeshkov Jiri Fischer 48 1 2 2
Last Minutes Offensive
Center Left Wing Right Wing Defense Defense
Tim Connolly Tyler Ennis Marian Gaborik Denis Grebeshkov Anton Stralman
Last Minutes Defensive
Center Left Wing Right Wing Defense Defense
Boyd Devereaux Drew Miller Chad Larose Kurt Sauer Jiri Fischer
Goaltenders
Starting : Ryan Miller
Backup : Marc Denis
Extra Forwards
Normal : Marian Gaborik, Tyler Ennis, Chris Stewart - PP : Marian Gaborik, Chris Stewart - PK : Drew Miller
Extra Defensemen
Normal : Denis Grebeshkov, Kurt Sauer, Anton Stralman - PP : Denis Grebeshkov - PK : Jiri Fischer, Kurt Sauer
Penalty Shots
Marian Gaborik, Tyler Ennis, Boyd Devereaux, Drew Miller, Tim Connolly
Penguins
5 vs 5 Forward
Center Left Wing Right Wing Time % Phy DF OF
1 Peter Forsberg Simon Gagné Darren Reid 40 1 2 2
2 Ryan Kesler Dustin Penner Nathan Horton 30 1 2 2
3 Denis Arkhipov Steve Sullivan Brian McGrattan 20 1 2 2
4 Steven Stamkos Raffi Torres Peter Forsberg 10 1 2 2
5 vs 5 Defense
Defense Defense Time % Phy DF OF
1 Brooks Orpik Jay McKee 40 1 2 2
2 Brent Sopel Sean Zimmerman 30 1 2 2
3 Paul Ranger Dennis Seidenberg 20 1 2 2
4 Luke Schenn Brooks Orpik 10 1 2 2
PowerPlay Forward
Center Left Wing Right Wing Time % Phy DF OF
1 Peter Forsberg Simon Gagné Darren Reid 60 1 2 2
2 Ryan Kesler Dustin Penner Nathan Horton 40 1 2 2
PowerPlay Defense
Defense Defense Time % Phy DF OF
1 Brooks Orpik Jay McKee 60 1 2 2
2 Brent Sopel Sean Zimmerman 40 1 2 2
Penalty Kill 4 Players Forward
Center Wing Time % Phy DF OF
1 Peter Forsberg Ryan Kesler 60 1 2 2
2 Simon Gagné Darren Reid 40 1 2 2
Penalty Kill 4 Players Defense
Defense Defense Time % Phy DF OF
1 Brooks Orpik Jay McKee 60 1 2 2
2 Brent Sopel Sean Zimmerman 40 1 2 2
Penalty Kill - 3 Players Forward
Forward Time % Phy DF OF
1 Peter Forsberg 60 1 2 2
2 Ryan Kesler 40 1 2 2
Penalty Kill - 3 Players Defense
Defense Defense Time % Phy DF OF
1 Brooks Orpik Jay McKee 60 1 2 2
2 Brent Sopel Sean Zimmerman 40 1 2 2
4 vs 4 Forward
Center Wing Time % Phy DF OF
1 Peter Forsberg Ryan Kesler 60 1 2 2
2 Simon Gagné Darren Reid 40 1 2 2
4 vs 4 Defense
Defense Defense Time % Phy DF OF
1 Brooks Orpik Jay McKee 60 1 2 2
2 Brent Sopel Sean Zimmerman 40 1 2 2
Last Minutes Offensive
Center Left Wing Right Wing Defense Defense
Peter Forsberg Simon Gagné Darren Reid Brooks Orpik Jay McKee
Last Minutes Defensive
Center Left Wing Right Wing Defense Defense
Peter Forsberg Simon Gagné Darren Reid Brooks Orpik Jay McKee
Goaltenders
Starting : Brian Elliott
Backup : Josh Tordjman
Extra Forwards
Normal : Steve Sullivan, Denis Arkhipov, Brian McGrattan - PP : Steve Sullivan, Denis Arkhipov - PK : Brian McGrattan
Extra Defensemen
Normal : Paul Ranger, Dennis Seidenberg, Luke Schenn - PP : Paul Ranger - PK : Dennis Seidenberg, Luke Schenn
Penalty Shots
Peter Forsberg, Ryan Kesler, Simon Gagné, Darren Reid, Nathan Horton
% Time on Ice - Coyotes
Lines # - Real PCT - Wanted PCT - Time Play
Normal Forward
1 - 32% - 35% - 13:46
2 - 30% - 31% - 12:51
3 - 22% - 23% - 9:39
4 - 17% - 11% - 7:13
Normal Defense
1 - 40% - 38% - 17:14
2 - 35% - 34% - 15:05
3 - 26% - 27% - 11:10
4 - 0% - 1% - 0:00
PP Forward
1 - 57% - 55% - 7:11
2 - 43% - 45% - 5:22
PP Defense
1 - 64% - 55% - 8:03
2 - 36% - 45% - 4:30
PK Forward
1 - 60% - 56% - 2:23
2 - 40% - 44% - 1:35
PK Defense
1 - 55% - 56% - 2:11
2 - 45% - 44% - 1:47
PK3 Forward
1 - 0% - 53%
2 - 0% - 47%
PK3 Defense
1 - 0% - 53%
2 - 0% - 47%
44 Forward
1 - 0% - 52%
2 - 0% - 48%
44 Defense
1 - 0% - 52%
2 - 0% - 48%
Last Minute Offensive - 0:00
Last Minute Defensive - 0:00
Total
Forward - 60:00
Defense - 60:00
|
% Time on Ice - Penguins
Lines # - Real PCT - Wanted PCT - Time Play
Normal Forward
1 - 32% - 40% - 14:04
2 - 29% - 30% - 12:25
3 - 25% - 20% - 11:04
4 - 14% - 10% - 5:56
Normal Defense
1 - 37% - 40% - 16:13
2 - 31% - 30% - 13:37
3 - 26% - 20% - 11:31
4 - 5% - 10% - 2:08
PP Forward
1 - 53% - 60% - 2:05
2 - 47% - 40% - 1:53
PP Defense
1 - 62% - 60% - 2:28
2 - 38% - 40% - 1:30
PK Forward
1 - 72% - 60% - 9:04
2 - 28% - 40% - 3:29
PK Defense
1 - 59% - 60% - 7:22
2 - 41% - 40% - 5:11
PK3 Forward
1 - 0% - 60%
2 - 0% - 40%
PK3 Defense
1 - 0% - 60%
2 - 0% - 40%
44 Forward
1 - 0% - 60%
2 - 0% - 40%
44 Defense
1 - 0% - 60%
2 - 0% - 40%
Last Minute Offensive - 0:00
Last Minute Defensive - 0:00
Total
Forward - 60:00
Defense - 60:00
|
Play by Play
1st period
0:01 of 1st period - Tim Connolly wins face-off versus Peter Forsberg in neutral zone.
0:26 of 1st period - Jay McKee is hit by Drew Miller and loses puck.
0:52 of 1st period - Snap shot by Chad Larose.
0:52 of 1st period - Shot Blocked by Sean Zimmerman.
0:54 of 1st period - Slapshot by Brian Rafalski.
0:54 of 1st period - Stopped by Brian Elliott without a rebound.
0:55 of 1st period - Erik Christensen wins face-off versus Steven Stamkos in Penguins zone.
0:56 of 1st period - Wrist shot by Sami Kapanen.
0:56 of 1st period - Shot Misses the Net.
1:16 of 1st period - Minor Penalty to Erik Christensen for Hooking.
1:17 of 1st period - Simon Gagné wins face-off versus Drew Miller in Coyotes zone.
2:38 of 1st period - Chad Larose is hit by Brent Sopel and loses puck.
3:16 of 1st period - Penalty to Erik Christensen is over, Erik Christensen is back on ice.
3:30 of 1st period - Snap shot by Denis Arkhipov.
3:30 of 1st period - Deflect By Brian McGrattan.
3:30 of 1st period - Stopped by Ryan Miller without a rebound.
3:31 of 1st period - Denis Arkhipov wins face-off versus Erik Christensen in Coyotes zone.
3:34 of 1st period - Wrist shot by Denis Arkhipov.
3:34 of 1st period - Stopped by Ryan Miller with a rebound.
3:36 of 1st period - Slapshot by Paul Ranger.
3:36 of 1st period - Shot Misses the Net.
3:38 of 1st period - Wrist shot by Steve Sullivan.
3:38 of 1st period - Stopped by Ryan Miller without a rebound.
3:39 of 1st period - Denis Arkhipov wins face-off versus Tim Connolly in Coyotes zone.
4:32 of 1st period - Ryan Kesler is hit by Frans Nielsen and loses puck.
4:59 of 1st period - Brooks Orpik is hit by Erik Cole and loses puck.
5:38 of 1st period - Backhand shot by Nathan Horton.
5:38 of 1st period - Stopped by Ryan Miller with a rebound.
5:40 of 1st period - Snap shot by Ryan Kesler.
5:40 of 1st period - Shot Misses the Net.
5:56 of 1st period - Snap shot by Chad Larose.
5:56 of 1st period - Stopped by Brian Elliott with a rebound.
6:28 of 1st period - Snap shot by Ryan Kesler.
6:28 of 1st period - Shot Misses the Net.
7:12 of 1st period - Adrian Aucoin is hit by Dustin Penner and loses puck.
7:27 of 1st period - Adrian Aucoin is hit by Jay McKee and loses puck.
7:28 of 1st period - Adrian Aucoin from Coyotes is injured at 7:28 of 1st period (Right Leg).
7:29 of 1st period - Frans Nielsen wins face-off versus Peter Forsberg in Coyotes zone.
7:45 of 1st period - Peter Forsberg is hit by Drew Miller and loses puck.
8:37 of 1st period - Sami Kapanen is hit by Peter Forsberg and loses puck.
8:42 of 1st period - Wrist shot by Steven Stamkos.
8:42 of 1st period - Stopped by Ryan Miller without a rebound.
8:43 of 1st period - Peter Forsberg wins face-off versus Tim Connolly in Coyotes zone.
8:46 of 1st period - Snap shot by Darren Reid.
8:46 of 1st period - Deflect By Marian Gaborik.
8:46 of 1st period - Stopped by Ryan Miller without a rebound.
8:47 of 1st period - Peter Forsberg wins face-off versus Tim Connolly in Coyotes zone.
8:48 of 1st period - Wrist shot by Simon Gagné.
8:48 of 1st period - Stopped by Ryan Miller without a rebound.
8:49 of 1st period - Simon Gagné wins face-off versus Tim Connolly in Coyotes zone.
8:54 of 1st period - Snap shot by Darren Reid.
8:54 of 1st period - Shot Blocked by Brian Rafalski.
9:14 of 1st period - Wrist shot by Frans Nielsen.
9:14 of 1st period - Stopped by Brian Elliott with a rebound.
9:37 of 1st period - Minor Penalty to Denis Arkhipov for Diving.
9:38 of 1st period - Peter Forsberg wins face-off versus Tim Connolly in Penguins zone.
11:37 of 1st period - Penalty to Denis Arkhipov is over, Denis Arkhipov is back on ice.
11:57 of 1st period - Backhand shot by Brian McGrattan.
11:57 of 1st period - Shot Blocked by Brian Rafalski.
12:05 of 1st period - Snap shot by Brian McGrattan.
12:05 of 1st period - Shot Misses the Net.
12:43 of 1st period - Denis Arkhipov is hit by Chad Larose.
13:01 of 1st period - Off-side.
13:02 of 1st period - Peter Forsberg wins face-off versus Tim Connolly in neutral zone.
13:24 of 1st period - Icing by Brent Sopel.
13:25 of 1st period - Frans Nielsen wins face-off versus Peter Forsberg in Penguins zone.
13:48 of 1st period - Paul Ranger is hit by Tyler Ennis and loses puck.
14:31 of 1st period - Peter Forsberg is hit by Shawn Thornton and loses puck.
14:38 of 1st period - Minor Penalty to Simon Gagné for Roughing.
14:39 of 1st period - Ryan Kesler wins face-off versus Tim Connolly in Penguins zone.
14:50 of 1st period - Ryan Kesler is hit by Tim Connolly and loses puck.
15:10 of 1st period - Darren Reid is hit by Denis Grebeshkov and loses puck.
16:38 of 1st period - Penalty to Simon Gagné is over, Simon Gagné is back on ice.
16:53 of 1st period - Dustin Penner is hit by Boyd Devereaux and loses puck.
17:06 of 1st period - Wrist shot by Steven Stamkos.
17:06 of 1st period - Stopped by Ryan Miller without a rebound.
17:07 of 1st period - Boyd Devereaux wins face-off versus Steven Stamkos in Coyotes zone.
17:28 of 1st period - Brent Sopel is hit by Marian Gaborik and loses puck.
17:43 of 1st period - Snap shot by Darren Reid.
17:43 of 1st period - Goal by Darren Reid - Coyotes : 0 - Penguins : 1.
17:44 of 1st period - Tim Connolly wins face-off versus Ryan Kesler in neutral zone.
17:49 of 1st period - Snap shot by Marian Gaborik.
17:49 of 1st period - Shot Blocked by Jay McKee.
18:18 of 1st period - Off-side.
18:19 of 1st period - Peter Forsberg wins face-off versus Frans Nielsen in neutral zone.
19:17 of 1st period - Snap shot by Chris Stewart.
19:17 of 1st period - Stopped by Brian Elliott with a rebound.
19:19 of 1st period - Slapshot by Jiri Fischer.
19:19 of 1st period - Deflect By Frans Nielsen.
19:19 of 1st period - Shot Misses the Net.
19:19 of 1st period - Puck is out of play.
19:20 of 1st period - Tim Connolly wins face-off versus Ryan Kesler in Penguins zone.
19:21 of 1st period - Wrist shot by Marian Gaborik.
19:21 of 1st period - Shot Misses the Net.
19:23 of 1st period - Wrist shot by Tyler Ennis.
19:23 of 1st period - Stopped by Brian Elliott with a rebound.
19:25 of 1st period - Backhand shot by Marian Gaborik.
19:25 of 1st period - Shot Misses the Net.
19:27 of 1st period - Slapshot by Denis Grebeshkov.
19:27 of 1st period - Shot Blocked by Brent Sopel.
19:29 of 1st period - Slapshot by Denis Grebeshkov.
19:29 of 1st period - Stopped by Brian Elliott with a rebound.
19:31 of 1st period - Slapshot by Denis Grebeshkov.
19:31 of 1st period - Shot Misses the Net.
19:33 of 1st period - Wrist shot by Tim Connolly.
19:33 of 1st period - Shot Blocked by Brent Sopel.
19:35 of 1st period - Slapshot by Tyler Ennis.
19:35 of 1st period - Stopped by Brian Elliott without a rebound.
19:36 of 1st period - Boyd Devereaux wins face-off versus Peter Forsberg in Penguins zone.
19:37 of 1st period - Slapshot by Erik Cole.
19:37 of 1st period - Stopped by Brian Elliott with a rebound.
19:39 of 1st period - Wrist shot by Boyd Devereaux.
19:39 of 1st period - Shot Blocked by Darren Reid.
19:41 of 1st period - Slapshot by Denis Grebeshkov.
19:41 of 1st period - Stopped by Brian Elliott without a rebound.
19:42 of 1st period - Peter Forsberg wins face-off versus Erik Cole in Penguins zone.
19:42 of 1st period - Peter Forsberg is hit by Erik Cole.
19:45 of 1st period - Minor Penalty to Simon Gagné for Hooking.
19:46 of 1st period - Tim Connolly wins face-off versus Ryan Kesler in Penguins zone.
Goals for this period are 0 for Coyotes vs 1 for Penguins.
Shots for this period are 9 for Coyotes vs 9 for Penguins.
2nd period
0:01 of 2nd period - Peter Forsberg wins face-off versus Tim Connolly in neutral zone.
0:35 of 2nd period - Slapshot by Tyler Ennis.
0:35 of 2nd period - Goal by Tyler Ennis - Coyotes : 1 - Penguins : 1.
0:36 of 2nd period - Denis Arkhipov wins face-off versus Tyler Ennis in neutral zone.
0:52 of 2nd period - Icing by Jay McKee.
0:53 of 2nd period - Frans Nielsen wins face-off versus Denis Arkhipov in Penguins zone.
0:58 of 2nd period - Wrist shot by Frans Nielsen.
0:58 of 2nd period - Stopped by Brian Elliott without a rebound.
0:59 of 2nd period - Frans Nielsen wins face-off versus Peter Forsberg in Penguins zone.
1:06 of 2nd period - Darren Reid is hit by Frans Nielsen and loses puck.
1:33 of 2nd period - Ryan Kesler is hit by Tyler Ennis and loses puck.
1:48 of 2nd period - Wrist shot by Denis Arkhipov.
1:48 of 2nd period - Shot Misses the Net.
1:50 of 2nd period - Slapshot by Brooks Orpik.
1:50 of 2nd period - Shot Misses the Net.
1:52 of 2nd period - Slapshot by Steve Sullivan.
1:52 of 2nd period - Shot Misses the Net.
1:54 of 2nd period - Wrist shot by Brooks Orpik.
1:54 of 2nd period - Deflect By Steve Sullivan.
1:54 of 2nd period - Stopped by Ryan Miller without a rebound.
1:55 of 2nd period - Peter Forsberg wins face-off versus Tim Connolly in Coyotes zone.
2:22 of 2nd period - Ryan Kesler is hit by Frans Nielsen and loses puck.
2:31 of 2nd period - Snap shot by Frans Nielsen.
2:31 of 2nd period - Shot Misses the Net.
2:33 of 2nd period - Wrist shot by Brian Rafalski.
2:33 of 2nd period - Deflect By Frans Nielsen.
2:33 of 2nd period - Shot Blocked by Brent Sopel.
2:33 of 2nd period - Puck is out of play.
2:34 of 2nd period - Peter Forsberg wins face-off versus Boyd Devereaux in Penguins zone.
2:34 of 2nd period - Peter Forsberg is hit by Erik Cole.
4:11 of 2nd period - Snap shot by Frans Nielsen.
4:11 of 2nd period - Shot Misses the Net.
4:13 of 2nd period - Slapshot by Kurt Sauer.
4:13 of 2nd period - Stopped by Brian Elliott with a rebound.
4:27 of 2nd period - Snap shot by Denis Arkhipov.
4:27 of 2nd period - Shot Misses the Net.
4:29 of 2nd period - Snap shot by Steve Sullivan.
4:29 of 2nd period - Stopped by Ryan Miller without a rebound.
4:30 of 2nd period - Tim Connolly wins face-off versus Denis Arkhipov in Coyotes zone.
4:35 of 2nd period - Anton Stralman is hit by Brian McGrattan and loses puck.
4:44 of 2nd period - Wrist shot by Brian McGrattan.
4:44 of 2nd period - Shot Misses the Net.
4:48 of 2nd period - Wrist shot by Steve Sullivan.
4:48 of 2nd period - Stopped by Ryan Miller without a rebound.
4:49 of 2nd period - Ryan Kesler wins face-off versus Frans Nielsen in Coyotes zone.
4:52 of 2nd period - Wrist shot by Ryan Kesler.
4:52 of 2nd period - Deflect By Drew Miller.
4:52 of 2nd period - Shot Misses the Net.
4:52 of 2nd period - Puck is out of play.
4:53 of 2nd period - Frans Nielsen wins face-off versus Ryan Kesler in Coyotes zone.
4:55 of 2nd period - Minor Penalty to Brian Rafalski for Hooking.
4:56 of 2nd period - Peter Forsberg wins face-off versus Drew Miller in Coyotes zone.
5:06 of 2nd period - Snap shot by Darren Reid.
5:06 of 2nd period - Shot Misses the Net.
5:08 of 2nd period - Slapshot by Jay McKee.
5:08 of 2nd period - Shot Blocked by Kurt Sauer.
5:10 of 2nd period - Wrist shot by Peter Forsberg.
5:10 of 2nd period - Stopped by Ryan Miller with a rebound.
6:18 of 2nd period - Nathan Horton is hit by Erik Cole and loses puck.
6:55 of 2nd period - Penalty to Brian Rafalski is over, Brian Rafalski is back on ice.
7:20 of 2nd period - Tyler Ennis is hit by Peter Forsberg and loses puck.
10:17 of 2nd period - Boyd Devereaux is hit by Raffi Torres and loses puck.
10:26 of 2nd period - Brent Sopel is hit by Boyd Devereaux.
11:21 of 2nd period - Dennis Seidenberg is hit by Kurt Sauer and loses puck.
12:20 of 2nd period - Brooks Orpik is hit by Anton Stralman and loses puck.
13:03 of 2nd period - Marian Gaborik is hit by Darren Reid and loses puck.
13:24 of 2nd period - Wrist shot by Sami Kapanen.
13:24 of 2nd period - Stopped by Brian Elliott without a rebound.
13:25 of 2nd period - Steven Stamkos wins face-off versus Erik Christensen in Penguins zone.
13:25 of 2nd period - Steven Stamkos is hit by Sami Kapanen.
13:53 of 2nd period - Wrist shot by Nathan Horton.
13:53 of 2nd period - Stopped by Ryan Miller without a rebound.
13:54 of 2nd period - Peter Forsberg wins face-off versus Frans Nielsen in Coyotes zone.
13:55 of 2nd period - Snap shot by Darren Reid.
13:55 of 2nd period - Stopped by Ryan Miller without a rebound.
13:56 of 2nd period - Peter Forsberg wins face-off versus Marian Gaborik in Coyotes zone.
14:49 of 2nd period - Wrist shot by Simon Gagné.
14:49 of 2nd period - Stopped by Ryan Miller without a rebound.
14:50 of 2nd period - Tim Connolly wins face-off versus Ryan Kesler in Coyotes zone.
15:49 of 2nd period - Icing by Anton Stralman.
15:50 of 2nd period - Ryan Kesler wins face-off versus Erik Christensen in Coyotes zone.
15:55 of 2nd period - Wrist shot by Nathan Horton.
15:55 of 2nd period - Shot Blocked by Anton Stralman.
15:57 of 2nd period - Slapshot by Sean Zimmerman.
15:57 of 2nd period - Shot Misses the Net.
15:59 of 2nd period - Slapshot by Sean Zimmerman.
15:59 of 2nd period - Shot Blocked by Anton Stralman.
16:01 of 2nd period - Wrist shot by Nathan Horton.
16:01 of 2nd period - Shot Blocked by Anton Stralman.
16:03 of 2nd period - Slapshot by Dustin Penner.
16:03 of 2nd period - Stopped by Ryan Miller with a rebound.
16:19 of 2nd period - Slapshot by Tim Connolly.
16:19 of 2nd period - Stopped by Brian Elliott with a rebound.
16:42 of 2nd period - Anton Stralman is hit by Peter Forsberg and loses puck.
17:45 of 2nd period - Wrist shot by Marian Gaborik.
17:45 of 2nd period - Shot Misses the Net.
17:49 of 2nd period - Wrist shot by Tim Connolly.
17:49 of 2nd period - Deflect By Tyler Ennis.
17:49 of 2nd period - Shot Misses the Net.
17:49 of 2nd period - Puck is out of play.
17:50 of 2nd period - Ryan Kesler wins face-off versus Frans Nielsen in Penguins zone.
17:50 of 2nd period - Ryan Kesler is hit by Drew Miller.
18:00 of 2nd period - Slapshot by Brent Sopel.
18:00 of 2nd period - Shot Blocked by Denis Grebeshkov.
19:07 of 2nd period - Anton Stralman is hit by Ryan Kesler and loses puck.
19:48 of 2nd period - Sami Kapanen is hit by Steve Sullivan and loses puck.
19:58 of 2nd period - Off-side.
19:59 of 2nd period - Tim Connolly wins face-off versus Peter Forsberg in neutral zone.
Goals for this period are 1 for Coyotes vs 0 for Penguins.
Shots for this period are 5 for Coyotes vs 8 for Penguins.
3rd period
0:01 of 3rd period - Tim Connolly wins face-off versus Simon Gagné in neutral zone.
0:12 of 3rd period - Wrist shot by Tyler Ennis.
0:12 of 3rd period - Shot Blocked by Brooks Orpik.
1:51 of 3rd period - Wrist shot by Boyd Devereaux.
1:51 of 3rd period - Shot Misses the Net.
1:53 of 3rd period - Slapshot by Boyd Devereaux.
1:53 of 3rd period - Stopped by Brian Elliott with a rebound.
1:55 of 3rd period - Snap shot by Boyd Devereaux.
1:55 of 3rd period - Deflect By Erik Cole.
1:55 of 3rd period - Shot Misses the Net.
1:55 of 3rd period - Puck is out of play.
1:56 of 3rd period - Dustin Penner wins face-off versus Boyd Devereaux in Penguins zone.
2:25 of 3rd period - Snap shot by Darren Reid.
2:25 of 3rd period - Goal by Darren Reid - Coyotes : 1 - Penguins : 2.
2:26 of 3rd period - Tim Connolly wins face-off versus Peter Forsberg in neutral zone.
2:29 of 3rd period - Snap shot by Anton Stralman.
2:29 of 3rd period - Stopped by Brian Elliott without a rebound.
2:30 of 3rd period - Tim Connolly wins face-off versus Simon Gagné in Penguins zone.
2:37 of 3rd period - Wrist shot by Marian Gaborik.
2:37 of 3rd period - Shot Blocked by Brooks Orpik.
2:39 of 3rd period - Slapshot by Kurt Sauer.
2:39 of 3rd period - Stopped by Brian Elliott without a rebound.
2:40 of 3rd period - Tim Connolly wins face-off versus Peter Forsberg in Penguins zone.
2:41 of 3rd period - Snap shot by Tyler Ennis.
2:41 of 3rd period - Stopped by Brian Elliott with a rebound.
2:43 of 3rd period - Minor Penalty to Darren Reid for Hooking.
2:44 of 3rd period - Tim Connolly wins face-off versus Peter Forsberg in Penguins zone.
2:53 of 3rd period - Wrist shot by Tim Connolly.
2:53 of 3rd period - Deflect By Ryan Kesler.
2:53 of 3rd period - Shot Misses the Net.
2:53 of 3rd period - Puck is out of play.
2:54 of 3rd period - Peter Forsberg wins face-off versus Tim Connolly in Penguins zone.
4:15 of 3rd period - Snap shot by Tim Connolly.
4:15 of 3rd period - Stopped by Brian Elliott with a rebound.
4:17 of 3rd period - Snap shot by Tim Connolly.
4:17 of 3rd period - Stopped by Brian Elliott without a rebound.
4:18 of 3rd period - Frans Nielsen wins face-off versus Simon Gagné in Penguins zone.
4:23 of 3rd period - Wrist shot by Chris Stewart.
4:23 of 3rd period - Shot Misses the Net.
4:25 of 3rd period - Slapshot by Brian Rafalski.
4:25 of 3rd period - Stopped by Brian Elliott without a rebound.
4:26 of 3rd period - Simon Gagné wins face-off versus Frans Nielsen in Penguins zone.
4:43 of 3rd period - Penalty to Darren Reid is over, Darren Reid is back on ice.
4:59 of 3rd period - Wrist shot by Boyd Devereaux.
4:59 of 3rd period - Shot Misses the Net.
5:01 of 3rd period - Slapshot by Brian Rafalski.
5:01 of 3rd period - Stopped by Brian Elliott without a rebound.
5:02 of 3rd period - Peter Forsberg wins face-off versus Frans Nielsen in Penguins zone.
6:11 of 3rd period - Dustin Penner is hit by Erik Cole and loses puck.
6:32 of 3rd period - Wrist shot by Denis Arkhipov.
6:32 of 3rd period - Stopped by Ryan Miller without a rebound.
6:33 of 3rd period - Peter Forsberg wins face-off versus Erik Christensen in Coyotes zone.
6:38 of 3rd period - Slapshot by Darren Reid.
6:38 of 3rd period - Stopped by Ryan Miller without a rebound.
6:39 of 3rd period - Tim Connolly wins face-off versus Peter Forsberg in Coyotes zone.
6:48 of 3rd period - Wrist shot by Tim Connolly.
6:48 of 3rd period - Shot Misses the Net.
6:54 of 3rd period - Snap shot by Simon Gagné.
6:54 of 3rd period - Stopped by Ryan Miller with a rebound.
7:04 of 3rd period - Wrist shot by Tim Connolly.
7:04 of 3rd period - Shot Misses the Net.
7:32 of 3rd period - Anton Stralman is hit by Brent Sopel and loses puck.
8:28 of 3rd period - Steven Stamkos is hit by Brian Rafalski and loses puck.
9:38 of 3rd period - Off-side.
9:39 of 3rd period - Tim Connolly wins face-off versus Ryan Kesler in neutral zone.
10:31 of 3rd period - Slapshot by Peter Forsberg.
10:31 of 3rd period - Shot Misses the Net.
10:59 of 3rd period - Paul Ranger is hit by Jiri Fischer.
11:03 of 3rd period - Paul Ranger is hit by Tim Connolly and loses puck.
11:10 of 3rd period - Wrist shot by Tim Connolly.
11:10 of 3rd period - Stopped by Brian Elliott with a rebound.
11:12 of 3rd period - Snap shot by Tyler Ennis.
11:12 of 3rd period - Stopped by Brian Elliott without a rebound.
11:13 of 3rd period - Denis Arkhipov wins face-off versus Frans Nielsen in Penguins zone.
11:13 of 3rd period - Denis Arkhipov is hit by Brian Rafalski.
11:28 of 3rd period - Wrist shot by Frans Nielsen.
11:28 of 3rd period - Goal by Frans Nielsen - Coyotes : 2 - Penguins : 2.
11:29 of 3rd period - Tim Connolly wins face-off versus Peter Forsberg in neutral zone.
11:44 of 3rd period - Wrist shot by Darren Reid.
11:44 of 3rd period - Stopped by Ryan Miller without a rebound.
11:45 of 3rd period - Frans Nielsen wins face-off versus Ryan Kesler in Coyotes zone.
11:45 of 3rd period - Frans Nielsen is hit by Jay McKee.
11:48 of 3rd period - Icing by Anton Stralman.
11:49 of 3rd period - Frans Nielsen wins face-off versus Ryan Kesler in Coyotes zone.
11:49 of 3rd period - Frans Nielsen is hit by Dustin Penner.
11:52 of 3rd period - Icing by Anton Stralman.
11:53 of 3rd period - Drew Miller wins face-off versus Ryan Kesler in Coyotes zone.
11:53 of 3rd period - Drew Miller is hit by Jay McKee.
12:01 of 3rd period - Drew Miller is hit by Ryan Kesler and loses puck.
12:08 of 3rd period - Wrist shot by Nathan Horton.
12:08 of 3rd period - Shot Misses the Net.
12:21 of 3rd period - Off-side.
12:22 of 3rd period - Tim Connolly wins face-off versus Peter Forsberg in neutral zone.
12:34 of 3rd period - Minor Penalty to Brent Sopel for Hooking.
12:35 of 3rd period - Peter Forsberg wins face-off versus Tim Connolly in Penguins zone.
12:43 of 3rd period - Marian Gaborik is hit by Ryan Kesler and loses puck.
13:41 of 3rd period - Tim Connolly is hit by Sean Zimmerman and loses puck.
13:48 of 3rd period - Dennis Seidenberg is hit by Erik Christensen and loses puck.
14:34 of 3rd period - Penalty to Brent Sopel is over, Brent Sopel is back on ice.
14:38 of 3rd period - Sami Kapanen is hit by Steve Sullivan and loses puck.
15:02 of 3rd period - Off-side.
15:03 of 3rd period - Boyd Devereaux wins face-off versus Steven Stamkos in neutral zone.
15:06 of 3rd period - Snap shot by Erik Cole.
15:06 of 3rd period - Shot Misses the Net.
15:08 of 3rd period - Snap shot by Denis Grebeshkov.
15:08 of 3rd period - Shot Misses the Net.
15:10 of 3rd period - Wrist shot by Erik Cole.
15:10 of 3rd period - Stopped by Brian Elliott with a rebound.
15:12 of 3rd period - Wrist shot by Erik Cole.
15:12 of 3rd period - Goal by Erik Cole - Coyotes : 3 - Penguins : 2.
15:13 of 3rd period - Peter Forsberg wins face-off versus Boyd Devereaux in neutral zone.
15:15 of 3rd period - Minor Penalty to Peter Forsberg for Hooking.
15:16 of 3rd period - Brian McGrattan wins face-off versus Tim Connolly in Penguins zone.
16:08 of 3rd period - Frans Nielsen is hit by Denis Arkhipov and loses puck.
16:39 of 3rd period - Denis Grebeshkov is hit by Steven Stamkos and loses puck.
16:50 of 3rd period - Ryan Kesler is hit by Frans Nielsen and loses puck.
17:15 of 3rd period - Penalty to Peter Forsberg is over, Peter Forsberg is back on ice.
17:28 of 3rd period - Slapshot by Paul Ranger.
17:28 of 3rd period - Stopped by Ryan Miller without a rebound.
17:29 of 3rd period - Boyd Devereaux wins face-off versus Peter Forsberg in Coyotes zone.
17:34 of 3rd period - Peter Forsberg is hit by Erik Cole and loses puck.
17:56 of 3rd period - Denis Arkhipov is hit by Tim Connolly and loses puck.
18:11 of 3rd period - Minor Penalty to Dennis Seidenberg for Hooking.
18:12 of 3rd period - Tim Connolly wins face-off versus Peter Forsberg in Penguins zone.
18:45 of 3rd period - Snap shot by Tyler Ennis.
18:45 of 3rd period - Stopped by Brian Elliott with a rebound.
19:01 of 3rd period - Snap shot by Peter Forsberg.
19:01 of 3rd period - Stopped by Ryan Miller with a rebound.
Goals for this period are 2 for Coyotes vs 1 for Penguins.
Shots for this period are 14 for Coyotes vs 7 for Penguins.
Output by the SimonT Hockey Simulator (STHS) for François Prévost -- Original Page W3C XHTML 1.0 Valid